ABL
WESTS TIGERS @ SOUTH MELBOURNE SWANS
06/19/2022
 
TOP OF THE 1ST
Wests Tigers batting - Pitching for South Melbourne Swans : RHP Victor Glennie
Pitching: RHP Victor Glennie
Batting: RHB Luke Fowke 0-0: Foul Ball, location: 7LDF
0-1: Called Strike
0-2: Strikes out swinging
Batting: RHB Joel Farrell 0-0: Ball
1-0: Ground out 5-3 (Groundball, 56, EV 86.3 MPH)
Batting: LHB Greyson Leeder 0-0: Swinging Strike
0-1: Ball
1-1: Ground out 5-3 (Groundball, 56, EV 90.0 MPH)
Top of the 1st over - 0 runs, 0 hits, 0 errors, 0 left on base; Wests 0 - South Melbourne 0
BOTTOM OF THE 1ST
South Melbourne Swans batting - Pitching for Wests Tigers : LHP Luke Badeley
Pitching: LHP Luke Badeley
Batting: RHB Mark Goudie 0-0: Ball
1-0: Ball
2-0: Foul Ball, location: 2RF
2-1: Ball
3-1: Base on Balls
Batting: RHB Rhett Johnston 0-0: Ball
1-0: Swinging Strike
1-1: Called Strike
1-2: Ball
2-2: Ball
3-2: Foul Ball, location: 3SF
3-2: Foul Ball, location: 2F
3-2: Fly out, F9 (Flyball, 9, EV 93.1 MPH)
Batting: LHB Calvin Ingleby 0-0: Swinging Strike
0-1: Ball
1-1: Swinging Strike
1-2: Ball
2-2: Ball
3-2: Foul Ball, location: 2F
3-2: Foul Ball, location: 2F
3-2: Foul Ball, location: 2F
3-2: Hit by Pitch
Mark Goudie to second
Batting: RHB Kole Palethorpe 0-0: Foul Ball, location: 2F
0-1: Swinging Strike
0-2: Foul Ball, location: 2F
0-2: Strikes out swinging
Batting: RHB Hector Gomez 0-0: Called Strike
0-1: Ball
1-1: Fly out, F9 (Flyball, 89M, EV 95.0 MPH)
Bottom of the 1st over - 0 runs, 0 hits, 0 errors, 2 left on base; Wests 0 - South Melbourne 0
TOP OF THE 2ND
Wests Tigers batting - Pitching for South Melbourne Swans : RHP Victor Glennie
Batting: LHB Daniel Bryan 0-0: Called Strike
0-1: Ball
1-1: Ground out 5-3 (Groundball, 56D, EV 98.1 MPH)
Batting: RHB Joe Minto 0-0: SINGLE (Line Drive, 89M, EV 96.9 MPH)
Batting: LHB Rapata Kaulo 0-0: Ball
1-0: Foul Ball, location: 2F
1-1: Ball
2-1: Swinging Strike
2-2: Ball
3-2: Foul Ball, location: 5FF
3-2: Foul Ball, location: 2F
3-2: SINGLE (Line Drive, 78S, EV 106.3 MPH)
Joe Minto to second
Batting: RHB Shane Esmond 0-0: Ball
1-0: Fielders Choice at 2nd, 1-4 (Groundball, 15S, EV 71.3 MPH)
Joe Minto to third
Batting: RHB Paul Llewellyn 0-0: Called Strike
0-1: Called Strike
0-2: Ball
1-2: Foul Ball, location: 2F
1-2: Fielders Choice at 2nd, 5-4 (Groundball, 5, EV 85.0 MPH)
Top of the 2nd over - 0 runs, 2 hits, 0 errors, 2 left on base; Wests 0 - South Melbourne 0
BOTTOM OF THE 2ND
South Melbourne Swans batting - Pitching for Wests Tigers : LHP Luke Badeley
Batting: LHB Braeden Scarth 0-0: Ball
1-0: DOUBLE (Line Drive, 89M, EV 88.8 MPH)
Batting: RHB Juan Huezo 0-0: Ball
1-0: Foul Ball, location: 2F
1-1: Ball
2-1: Foul Ball, location: 2F
2-2: Ground out 5-3 (Groundball, 6S, EV 67.5 MPH)
Braeden Scarth to third
Batting: RHB Jarrod Rudder 0-0: Ball
1-0: Fly out, F8 (Flyball, 8LD, EV 98.8 MPH)
Runner from 3rd tags up, SCORES, throw by CF
Batting: RHB Victor Glennie 0-0: SINGLE (Line Drive, 4MD, EV 98.8 MPH)
Batting: RHB Mark Goudie 0-0: Ball
1-0: Ball
2-0: Ball
3-0: Base on Balls
Victor Glennie to second
Batting: RHB Rhett Johnston 0-0: Called Strike
0-1: Fly out, F8 (Flyball, 8LXD, EV 88.8 MPH)
Bottom of the 2nd over - 1 run, 2 hits, 0 errors, 2 left on base; Wests 0 - South Melbourne 1
TOP OF THE 3RD
Wests Tigers batting - Pitching for South Melbourne Swans : RHP Victor Glennie
Batting: LHB Luke Badeley 0-0: Ball
1-0: Ground out 6-3 (Groundball, 6D, EV 105.6 MPH)
Batting: RHB Luke Fowke 0-0: Ball
1-0: Swinging Strike
1-1: Ball
2-1: SINGLE (Groundball, 6MD, EV 94.4 MPH)
Batting: RHB Joel Farrell 0-0: Ball
1-0: Foul Ball, location: 2F
1-1: Ball
2-1: Called Strike
2-2: Strikes out swinging
Batting: LHB Greyson Leeder 0-0: Ball
1-0: Called Strike
1-1: Called Strike
1-2: Ball
2-2: Fielders Choice at 2nd, 5-4 (Groundball, 56, EV 100.6 MPH)
Top of the 3rd over - 0 runs, 1 hit, 0 errors, 1 left on base; Wests 0 - South Melbourne 1
BOTTOM OF THE 3RD
South Melbourne Swans batting - Pitching for Wests Tigers : LHP Luke Badeley
Batting: LHB Calvin Ingleby 0-0: Called Strike
0-1: Fly out, F7 (Flyball, 7D, EV 103.1 MPH)
Batting: RHB Kole Palethorpe 0-0: Ball
1-0: Ball
2-0: Ball
3-0: Called Strike
3-1: Foul Ball, location: 7LSF
3-2: Base on Balls
Batting: RHB Hector Gomez 0-0: Called Strike
0-1: Swinging Strike
0-2: Foul Ball, location: 2F
0-2: Foul Ball, location: 2F
0-2: Ball
1-2: Ball
2-2: Strikes out swinging
Batting: LHB Braeden Scarth 0-0: Called Strike
0-1: Ball
1-1: SINGLE (Groundball, 6MS, EV 71.9 MPH) (infield hit)
Kole Palethorpe to second
Batting: RHB Juan Huezo 0-0: Called Strike
0-1: Foul Ball, location: 2F
0-2: Fly out, F7 (Flyball, 78M, EV 93.1 MPH)
Bottom of the 3rd over - 0 runs, 1 hit, 0 errors, 2 left on base; Wests 0 - South Melbourne 1
TOP OF THE 4TH
Wests Tigers batting - Pitching for South Melbourne Swans : RHP Victor Glennie
Batting: LHB Daniel Bryan 0-0: Ball
1-0: Ball
2-0: Ball
3-0: Called Strike
3-1: Base on Balls
Batting: RHB Joe Minto 0-0: Called Strike
0-1: Foul Ball, location: 2F
0-2: Fly out, F4 (Popup, 4, EV 60.6 MPH)
Batting: LHB Rapata Kaulo 0-0: Called Strike
0-1: Ball
1-1: Foul Ball, location: 3F
1-2: Ball
2-2: Ball
3-2: Grounds into double play, 4-6-3 (Groundball, 4, EV 80.6 MPH)
Top of the 4th over - 0 runs, 0 hits, 0 errors, 0 left on base; Wests 0 - South Melbourne 1
BOTTOM OF THE 4TH
South Melbourne Swans batting - Pitching for Wests Tigers : LHP Luke Badeley
Batting: RHB Jarrod Rudder 0-0: Ball
1-0: Ball
2-0: Ball
3-0: Base on Balls
Batting: RHB Victor Glennie 0-0: Ball
1-0: Sac Bunt to 15 - play at first, batter OUT! 1-3
Jarrod Rudder to second
Batting: RHB Mark Goudie 0-0: Ball
1-0: Called Strike
1-1: Called Strike
1-2: Strikes out looking
Batting: RHB Rhett Johnston 0-0: Ball
1-0: Fly out, F8 (Flyball, 78S, EV 96.9 MPH)
Bottom of the 4th over - 0 runs, 0 hits, 0 errors, 1 left on base; Wests 0 - South Melbourne 1
TOP OF THE 5TH
Wests Tigers batting - Pitching for South Melbourne Swans : RHP Victor Glennie
Batting: RHB Shane Esmond 0-0: Ball
1-0: DOUBLE (Line Drive, 9LM, EV 100.6 MPH)
Batting: RHB Paul Llewellyn 0-0: Called Strike
0-1: Foul Ball, location: 2F
0-2: SINGLE (Flyball, 89S, EV 93.8 MPH)
Shane Esmond to third
Batting: LHB Luke Badeley 0-0: Sac Bunt to 2R - play at first, batter OUT! 2-3
Paul Llewellyn to second
Batting: RHB Luke Fowke 0-0: Ball
1-0: Ball
2-0: Swinging Strike
2-1: Ball
3-1: Swinging Strike
3-2: Base on Balls
Batting: RHB Joel Farrell 0-0: Ball
1-0: Called Strike
1-1: Swinging Strike
1-2: Fly out, F9 (Line Drive, 9LM, EV 88.1 MPH)
Runner from 3rd tags up, SCORES, throw by RF
Paul Llewellyn to third
Batting: LHB Greyson Leeder 0-0: Foul Ball, location: 2F
0-1: Called Strike
0-2: Foul Ball, location: 5DF
0-2: Ball
1-2: SINGLE (Line Drive, 34, EV 101.9 MPH)
Paul Llewellyn scores
Luke Fowke to second
Batting: LHB Daniel Bryan 0-0: Called Strike
0-1: Called Strike
0-2: Strikes out swinging
Top of the 5th over - 2 runs, 3 hits, 0 errors, 2 left on base; Wests 2 - South Melbourne 1
BOTTOM OF THE 5TH
South Melbourne Swans batting - Pitching for Wests Tigers : LHP Luke Badeley
Batting: LHB Calvin Ingleby 0-0: Swinging Strike
0-1: Ball
1-1: SINGLE (Groundball, 4MD, EV 106.3 MPH)
Batting: RHB Kole Palethorpe 0-0: Ball
1-0: DOUBLE (Line Drive, 7LS, EV 106.9 MPH)
Calvin Ingleby to third
Runner from 3rd tries for Home, SAFE, throw by LF to home
Batting: RHB Hector Gomez 0-0: Ball
1-0: Ball
2-0: SINGLE (Line Drive, 7LM, EV 103.1 MPH)
Kole Palethorpe to third
Batting: LHB Braeden Scarth 0-0: Fly out, F4 (Popup, 4S, EV 63.1 MPH)
Batting: RHB Juan Huezo 0-0: Ball
1-0: Foul Ball, location: 2F
1-1: Foul Ball, location: 2F
1-2: Ball
2-2: Ball
3-2: Foul Ball, location: 2F
3-2: Fielders Choice at home, 6-2 (Groundball, 6, EV 100.0 MPH)
Hector Gomez to second
Batting: RHB Jarrod Rudder 0-0: Ball
1-0: Called Strike
1-1: SINGLE (Groundball, 34D, EV 93.8 MPH)
Hector Gomez to third
Juan Huezo to second
Runner from 3rd tries for Home, SAFE, throw by RF to home
Batting: RHB Victor Glennie 0-0: DOUBLE (Line Drive, 3D, EV 103.1 MPH)
Juan Huezo scores
Jarrod Rudder to third
Batting: RHB Mark Goudie 0-0: Ground out 6-3 (Groundball, 6, EV 88.8 MPH)
Bottom of the 5th over - 3 runs, 5 hits, 0 errors, 2 left on base; Wests 2 - South Melbourne 4
TOP OF THE 6TH
Wests Tigers batting - Pitching for South Melbourne Swans : RHP Victor Glennie
Batting: RHB Joe Minto 0-0: Ground out 1-3 (Groundball, 13, EV 71.3 MPH)
Batting: LHB Rapata Kaulo 0-0: Ball
1-0: Ball
2-0: Foul Ball, location: 5SF
2-1: Called Strike
2-2: Ball
3-2: Base on Balls
Batting: RHB Shane Esmond 0-0: Ball
1-0: Grounds into double play, 6-4-3 (Groundball, 6, EV 96.3 MPH)
Top of the 6th over - 0 runs, 0 hits, 0 errors, 0 left on base; Wests 2 - South Melbourne 4
BOTTOM OF THE 6TH
South Melbourne Swans batting - Pitching for Wests Tigers : LHP Luke Badeley
Batting: RHB Rhett Johnston 0-0: Ball
1-0: Ball
2-0: Called Strike
2-1: Ball
3-1: Base on Balls
Batting: LHB Calvin Ingleby 0-0: Called Strike
0-1: Called Strike
0-2: Strikes out swinging
Pitching: RHP David Goddard
Now at 2B: Seth Carmichael
Batting: RHB Kole Palethorpe 0-0: Ball
1-0: Foul Ball, location: 3F
1-1: Ball
2-1: Ball
3-1: Fielders Choice at 2nd, 1-6 (Groundball, 34S, EV 68.1 MPH)
Batting: RHB Hector Gomez 0-0: Swinging Strike
0-1: Ball
1-1: Ball
2-1: Fly out, F7 (Flyball, 78D, EV 98.1 MPH)
Bottom of the 6th over - 0 runs, 0 hits, 0 errors, 1 left on base; Wests 2 - South Melbourne 4
TOP OF THE 7TH
Wests Tigers batting - Pitching for South Melbourne Swans : RHP Victor Glennie
Batting: RHB Paul Llewellyn 0-0: Ball
1-0: Ball
2-0: Foul Ball, location: 9LSF
2-1: Called Strike
2-2: Ball
3-2: Ground out 6-3 (Groundball, 6, EV 106.9 MPH)
Batting: RHB Seth Carmichael 0-0: Ball
1-0: Ball
2-0: Called Strike
2-1: Ground out 4-3 (Groundball, 4, EV 80.6 MPH)
Batting: RHB Luke Fowke 0-0: Foul Ball, location: 2F
0-1: Ball
1-1: Ball
2-1: Foul Ball, location: 7LSF
2-2: Ball
3-2: Ground out 4-3 (Groundball, 4MD, EV 94.4 MPH)
Top of the 7th over - 0 runs, 0 hits, 0 errors, 0 left on base; Wests 2 - South Melbourne 4
BOTTOM OF THE 7TH
South Melbourne Swans batting - Pitching for Wests Tigers : RHP David Goddard
Batting: LHB Braeden Scarth 0-0: Ball
1-0: Called Strike
1-1: TRIPLE (Groundball, 3L, EV 106.3 MPH)
Batting: RHB Juan Huezo 0-0: Intentional Walk
Batting: RHB Jarrod Rudder 0-0: Ground out 4-3 (Groundball, 4S, EV 75.6 MPH)
Braeden Scarth scores
Juan Huezo to second
Pinch Hitting: LHB C.B. Hadingham 0-0: Intentional Walk
Batting: RHB Mark Goudie 0-0: Ball
1-0: SINGLE (Groundball, 6MD, EV 103.1 MPH)
Juan Huezo to third
C.B. Hadingham to second
Runner from 3rd tries for Home, SAFE, throw by CF to home
Batting: RHB Rhett Johnston 0-0: Ball
1-0: Ball
2-0: Ball
3-0: Called Strike
3-1: Fielders Choice at 2nd, 6-4 (Groundball, 6, EV 84.4 MPH)
C.B. Hadingham to third
Batting: LHB Calvin Ingleby 0-0: Foul Ball, location: 3F
0-1: Ball
1-1: Swinging Strike
1-2: Strikes out looking
Bottom of the 7th over - 2 runs, 2 hits, 0 errors, 2 left on base; Wests 2 - South Melbourne 6
TOP OF THE 8TH
Wests Tigers batting - Pitching for South Melbourne Swans : RHP Victor Glennie
Pitching: RHP Travis Quance
Batting: RHB Joel Farrell 0-0: Ball
1-0: Called Strike
1-1: Foul Ball, location: 2F
1-2: Ball
2-2: Ball
3-2: Strikes out swinging
Batting: LHB Greyson Leeder 0-0: Called Strike
0-1: Called Strike
0-2: SINGLE (Line Drive, 8LS, EV 90.0 MPH)
Batting: LHB Daniel Bryan 0-0: Fly out, F9 (Flyball, 89D, EV 96.3 MPH)
Batting: RHB Joe Minto 0-0: Fly out, F7 (Flyball, 78S, EV 88.1 MPH)
Top of the 8th over - 0 runs, 1 hit, 0 errors, 1 left on base; Wests 2 - South Melbourne 6
BOTTOM OF THE 8TH
South Melbourne Swans batting - Pitching for Wests Tigers : RHP David Goddard
Batting: RHB Kole Palethorpe 0-0: Ball
1-0: SINGLE (Line Drive, 8LS, EV 105.6 MPH)
Batting: RHB Hector Gomez 0-0: Ball
Kole Palethorpe steals 2nd base
1-0: SINGLE (Line Drive, 78M, EV 100.0 MPH)
Kole Palethorpe to third
Batting: LHB Braeden Scarth 0-0: SINGLE (Groundball, 4D, EV 99.4 MPH)
Kole Palethorpe scores
Hector Gomez to second
Runner from 2nd tries for 3rd, SAFE, throw by RF made to third
Pitching: RHP Steve Snijders
Batting: RHB Juan Huezo 0-0: Ball
1-0: Called Strike
1-1: Ball
2-1: Swinging Strike
2-2: Ball
3-2: Fly out, F7 (Flyball, 78D, EV 110.6 MPH)
Runner from 3rd tags up, OUT at HOME! 7-2
Braeden Scarth to second
Batting: RHB Jarrod Rudder 0-0: Ball
1-0: Ball
2-0: DOUBLE (Line Drive, 5D, EV 98.1 MPH)
Braeden Scarth scores
Pinch Hitting: RHB Michael Hancock 0-0: Ball
1-0: Called Strike
1-1: Swinging Strike
1-2: Fly out, F9 (Flyball, 89M, EV 95.6 MPH)
Bottom of the 8th over - 2 runs, 4 hits, 0 errors, 1 left on base; Wests 2 - South Melbourne 8
TOP OF THE 9TH
Wests Tigers batting - Pitching for South Melbourne Swans : RHP Travis Quance
Pitching: RHP Colm Curson
Batting: LHB Rapata Kaulo 0-0: Called Strike
0-1: Ball
1-1: Ground out 5-3 (Groundball, 5, EV 100.6 MPH)
Pinch Hitting: LHB Jim Heaver 0-0: SOLO HOME RUN (Flyball, 9D, EV 95.6 MPH), Distance : 369 ft
Batting: RHB Paul Llewellyn 0-0: Called Strike
0-1: SOLO HOME RUN (Flyball, 9D, EV 96.9 MPH), Distance : 369 ft
Batting: RHB Seth Carmichael 0-0: Ball
1-0: Ball
2-0: Called Strike
2-1: DOUBLE (Flyball, 78D, EV 111.3 MPH)
Batting: RHB Luke Fowke 0-0: Foul Ball, location: 2F
0-1: Ball
1-1: Foul Ball, location: 2F
1-2: Strikes out swinging
Batting: RHB Joel Farrell 0-0: Ball
1-0: Swinging Strike
1-1: Fly out, F3 (Popup, 34, EV 75.0 MPH)
Top of the 9th over - 2 runs, 3 hits, 0 errors, 1 left on base; Wests 4 - South Melbourne 8
Saturday, May 4th , 2024 - OOTP Baseball 24.9 Build 80